[Event "EYTCC U12 Girls 2019"]
[Site "Pardubice"]
[Date "2019.07.15"]
[Round "5.18"]
[White "Solovieva, Kristina"]
[Black "Szopa, Emilia"]
[Result "1/2-1/2"]
[ECO "B22"]
[WhiteElo "1469"]
[BlackElo "1415"]
[Annotator "NA"]
[PlyCount "116"]
[EventDate "2019.07.11"]
[EventType "swiss"]
[EventCountry "CZE"]
[SourceTitle "playchess.com"]
[Source "ChessBase"]
[SourceQuality "1"]
[WhiteTeam "England"]
[BlackTeam "Poland"]
[WhiteTeamCountry "ENG"]
[BlackTeamCountry "POL"]
[TimeControl "40/5400+30:1800+30"]

1. e4 c5 2. c3 d5 3. exd5 Qxd5 4. d4 e5 5. dxe5 Qxe5+ 6. Be3 Nf6 7. Nf3 Qc7 8. h3 Be7 9. Bd3 Nc6 10. Qc2 O-O 11. O-O h6 12. Nbd2 Nd5 13. Rfe1 Nxe3 14. Rxe3 Be6 15. Bc4 Bxc4 16. Nxc4 Qf4 17. Nce5 Nxe5 18. Rxe5 Bd6 19. Re3 Rfe8 20. Rae1 Rxe3 21. Rxe3 g6 22. Qe4 Qxe4 23. Rxe4 Rd8 24. Kf1 Bf8 25. Ke2 Rd6 26. Ra4 Rb6 27. b3 Re6+ 28. Kd3 a6 29. Re4 Rd6+ 30. Ke2 b5 31. c4 Rb6 32. Nd2 f6 33. g4 Kf7 34. f3 Bd6 35. cxb5 axb5 36. a4 f5 37. Re3 Bf4 38. Rc3 Re6+ 39. Kd1 Rd6 40. Rc2 bxa4 41. bxa4 Rd4 42. Ke2 Bxd2 43. Rxd2 Rxa4 44. gxf5 gxf5 45. Rd5 Kg6 46. Rxc5 Ra2+ 47. Kf1 Rh2 48. Rc4 Kh5 49. Kg1 Rxh3 50. Kg2 Rh4 51. Rc5 Kg5 52. Kg3 Rh1 53. f4+ Kg6 54. Rc6+ Kg7 55. Rc7+ Kg6 56. Rc6+ Kf7 57. Rc7+ Ke6 58. Rc6+ Kd5 1/2-1/2

[Event "EYTCC U12 Girls 2019"]
[Site "Pardubice"]
[Date "2019.07.15"]
[Round "5.19"]
[White "Mikheeva, Galina"]
[Black "Ivanova, Dilyana"]
[Result "1-0"]
[ECO "B25"]
[WhiteElo "1792"]
[BlackElo "1734"]
[Annotator "NA"]
[PlyCount "83"]
[EventDate "2019.07.11"]
[EventType "swiss"]
[EventCountry "CZE"]
[SourceTitle "playchess.com"]
[Source "ChessBase"]
[SourceQuality "1"]
[WhiteTeam "Russia"]
[BlackTeam "Bulgaria"]
[WhiteTeamCountry "RUS"]
[BlackTeamCountry "BUL"]
[TimeControl "40/5400+30:1800+30"]

1. e4 c5 2. Nc3 Nc6 3. g3 g6 4. Bg2 Bg7 5. d3 d6 6. f4 e6 7. Nf3 Nge7 8. O-O O-O 9. Bd2 Rb8 10. Rb1 b5 11. a3 a5 12. a4 b4 13. Nb5 Ba6 14. c4 Qd7 15. Be3 Rfc8 16. g4 f5 17. exf5 exf5 18. g5 Bb7 19. Qb3 Ba8 20. Rfe1 Nd8 21. d4 Be4 22. Rbd1 cxd4 23. Bxd4 d5 24. Bxg7 Kxg7 25. Ne5 Qe6 26. Nd4 Qa6 27. cxd5 Bxg2 28. Kxg2 Qd6 29. Nb5 Rxb5 30. axb5 Rc5 31. Nc4 Qxf4 32. Rxe7+ Kf8 33. Rde1 Rxc4 34. Re8+ Kg7 35. Qd3 Rd4 36. Qg3 Rd2+ 37. R1e2 Rxe2+ 38. Rxe2 Qc4 39. Qe5+ Kg8 40. Qe8+ Kg7 41. Re7+ Nf7 42. Rxf7# 1-0

[Event "EYTCC U12 Girls 2019"]
[Site "Pardubice"]
[Date "2019.07.15"]
[Round "5.20"]
[White "Karaivanova, Petya"]
[Black "Goriachkina, Oksana"]
[Result "1-0"]
[ECO "B14"]
[WhiteElo "1792"]
[BlackElo "1417"]
[Annotator "NA"]
[PlyCount "85"]
[EventDate "2019.07.11"]
[EventType "swiss"]
[EventCountry "CZE"]
[SourceTitle "playchess.com"]
[Source "ChessBase"]
[SourceQuality "1"]
[WhiteTeam "Bulgaria"]
[BlackTeam "Russia"]
[WhiteTeamCountry "BUL"]
[BlackTeamCountry "RUS"]
[TimeControl "40/5400+30:1800+30"]

1. e4 c6 2. d4 d5 3. exd5 cxd5 4. c4 Nf6 5. Nc3 e6 6. Nf3 Be7 7. Bd3 dxc4 8. Bxc4 O-O 9. O-O a6 10. Bd3 b5 11. Re1 Bb7 12. Be3 Nbd7 13. Ne5 Nxe5 14. dxe5 Nd5 15. Qe2 Nxc3 16. bxc3 Qc7 17. Bd4 Rfd8 18. Qe3 Qd7 19. Rad1 Bd5 20. Bb1 Qc6 21. Qh3 g6 22. Qg4 Bf8 23. Rd3 Bg7 24. Rh3 Rac8 25. f4 Qd7 26. Qh4 h5 27. g4 hxg4 28. Qxg4 Qe7 29. Rg3 Bc4 30. h4 Qf8 31. h5 Qe8 32. hxg6 fxg6 33. Bxg6 Qe7 34. f5 exf5 35. Bxf5 Rb8 36. e6 Rb7 37. Qh5 Rxd4 38. cxd4 Kf8 39. Qg4 Qd6 40. Re4 Bxa2 41. Rf4 Kg8 42. Qh4 Qxf4 43. Qd8# 1-0

[Event "EYTCC U12 Girls 2019"]
[Site "Pardubice"]
[Date "2019.07.15"]
[Round "5.21"]
[White "Buyuk, Ecrin Efsa"]
[Black "Zhou, Lepu Coco"]
[Result "1-0"]
[ECO "C68"]
[WhiteElo "1592"]
[BlackElo "1861"]
[Annotator "NA"]
[PlyCount "85"]
[EventDate "2019.07.11"]
[EventType "swiss"]
[EventCountry "CZE"]
[SourceTitle "playchess.com"]
[Source "ChessBase"]
[SourceQuality "1"]
[WhiteTeam "Turkey"]
[BlackTeam "Germany"]
[WhiteTeamCountry "TUR"]
[BlackTeamCountry "GER"]
[TimeControl "40/5400+30:1800+30"]

1. e4 e5 2. Nf3 Nc6 3. Bb5 a6 4. Bxc6 dxc6 5. Nc3 Bd6 6. d4 Qe7 7. dxe5 Bxe5 8. Nxe5 Qxe5 9. Be3 Nf6 10. Qd4 Qd6 11. Qxd6 cxd6 12. O-O-O Ke7 13. Rd4 Be6 14. Rhd1 Rad8 15. Bf4 d5 16. Bg5 c5 17. Bxf6+ Kxf6 18. Nxd5+ Bxd5 19. Rxd5 Rxd5 20. Rxd5 Re8 21. f3 c4 22. Kd2 Re6 23. a4 Rc6 24. Kc3 Ke7 25. Rd4 Rh6 26. h3 Rg6 27. Rd2 Rb6 28. a5 Rc6 29. Rd4 Rg6 30. Rxc4 Rxg2 31. Rc7+ Ke8 32. Kd3 Rg3 33. Ke3 Rxh3 34. Rxb7 Rh1 35. b4 h5 36. b5 Kd8 37. bxa6 Kc8 38. Rb5 Re1+ 39. Kf2 Rc1 40. a7 Rxc2+ 41. Kg3 h4+ 42. Kxh4 g5+ 43. Kg3 1-0

[Event "EYTCC U12 Girls 2019"]
[Site "Pardubice"]
[Date "2019.07.15"]
[Round "5.22"]
[White "Braeutigam, Katerina"]
[Black "Alagoz, Zumra Meryem"]
[Result "1-0"]
[ECO "B20"]
[WhiteElo "1837"]
[BlackElo "1310"]
[Annotator "NA"]
[PlyCount "125"]
[EventDate "2019.07.11"]
[EventType "swiss"]
[EventCountry "CZE"]
[SourceTitle "playchess.com"]
[Source "ChessBase"]
[SourceQuality "1"]
[WhiteTeam "Germany"]
[BlackTeam "Turkey"]
[WhiteTeamCountry "GER"]
[BlackTeamCountry "TUR"]
[TimeControl "40/5400+30:1800+30"]

1. e4 c5 2. Be2 Nc6 3. f4 d6 4. Nc3 g6 5. d3 Bg7 6. Nf3 Nf6 7. O-O Bg4 8. Be3 Bxf3 9. Bxf3 O-O 10. g4 Nd4 11. Kh1 Nxf3 12. Qxf3 Qd7 13. Rg1 h5 14. gxh5 Nxh5 15. Rg2 e6 16. Rag1 Kh7 17. Qxh5+ gxh5 18. Rxg7+ Kh8 19. R7g5 f6 20. Rxh5+ Qh7 21. Rxh7+ Kxh7 22. Nb5 e5 23. Nxd6 b6 24. Nf5 Rg8 25. Rxg8 Rxg8 26. fxe5 fxe5 27. Ne7 Re8 28. Nf5 Rg8 29. Bf2 c4 30. dxc4 Rd8 31. Kg2 Rd2 32. Ne3 Kg6 33. b4 Kg5 34. Kf3 Rd8 35. h4+ Kh5 36. c5 bxc5 37. bxc5 Rf8+ 38. Nf5 Rc8 39. Nd6 Rc6 40. Nc4 Re6 41. Na5 Ra6 42. Be1 Rf6+ 43. Ke3 Rf7 44. c6 Rc7 45. Bb4 Kxh4 46. Bd6 Rc8 47. c7 Kg5 48. Nc6 Kf6 49. Nxa7 Ra8 50. c8=Q Rxc8 51. Nxc8 Ke6 52. Bb8 Kd7 53. Nb6+ Ke6 54. a4 Ke7 55. a5 Ke6 56. a6 Ke7 57. a7 Ke6 58. a8=Q Ke7 59. Qc6 Kf7 60. Bxe5 Ke7 61. Qf6+ Ke8 62. Qg7 Kd8 63. Qd7# 1-0

[Event "EYTCC U12 Girls 2019"]
[Site "Pardubice"]
[Date "2019.07.15"]
[Round "5.23"]
[White "Havelkova, Beata"]
[Black "Veverkova, Dorota"]
[Result "1-0"]
[ECO "B13"]
[WhiteElo "1316"]
[BlackElo "1348"]
[Annotator "NA"]
[PlyCount "67"]
[EventDate "2019.07.11"]
[EventType "swiss"]
[EventCountry "CZE"]
[SourceTitle "playchess.com"]
[Source "ChessBase"]
[SourceQuality "1"]
[WhiteTeam "Czech Republic"]
[BlackTeam "Czech Republic"]
[WhiteTeamCountry "CZE"]
[BlackTeamCountry "CZE"]
[TimeControl "40/5400+30:1800+30"]

1. e4 c6 2. d4 d5 3. exd5 cxd5 4. Bd3 Nc6 5. c3 Nf6 6. Bf4 g6 7. h3 Bg7 8. Nf3 O-O 9. O-O Bf5 10. Bxf5 gxf5 11. Nbd2 e6 12. Re1 Kh8 13. Kh1 Rg8 14. Ne5 Nxe5 15. Bxe5 Qe7 16. Nf3 Bh6 17. Rg1 Bg7 18. Qe2 Rac8 19. Qe3 Nh5 20. Rae1 f6 21. Bh2 Rc6 22. g4 fxg4 23. hxg4 Qf7 24. gxh5 Qxh5 25. Qf4 Bh6 26. Rxg8+ Kxg8 27. Qxf6 Bg7 28. Rg1 Rc7 29. Qd8+ Kf7 30. Qxc7+ Ke8 31. Qc8+ Ke7 32. Rxg7+ Kf6 33. Qf8+ Qf7 34. Qxf7# 1-0

[Event "EYTCC U12 Girls 2019"]
[Site "Pardubice"]
[Date "2019.07.15"]
[Round "5.24"]
[White "Zadrapova, Amalie"]
[Black "Janouskova, Adela"]
[Result "1/2-1/2"]
[ECO "B76"]
[WhiteElo "1248"]
[BlackElo "1200"]
[Annotator "NA"]
[PlyCount "80"]
[EventDate "2019.07.11"]
[EventType "swiss"]
[EventCountry "CZE"]
[SourceTitle "playchess.com"]
[Source "ChessBase"]
[SourceQuality "1"]
[WhiteTeam "Czech Republic"]
[BlackTeam "Czech Republic"]
[WhiteTeamCountry "CZE"]
[BlackTeamCountry "CZE"]
[TimeControl "40/5400+30:1800+30"]

1. e4 c5 2. Nf3 d6 3. d4 cxd4 4. Nxd4 Nf6 5. Nc3 g6 6. Be3 Bg7 7. f3 O-O 8. Qd2 Nc6 9. O-O-O Nxd4 10. Bxd4 Be6 11. g4 Qa5 12. Kb1 Rfc8 13. h4 h5 14. gxh5 Nxh5 15. Bxg7 Nxg7 16. Bh3 Bxh3 17. Rxh3 Rc6 18. f4 e6 19. Rg1 Rac8 20. Rg5 Qa6 21. Rf3 Kf8 22. f5 exf5 23. exf5 gxf5 24. h5 d5 25. h6 Rxh6 26. Qg2 Rg6 27. Rfg3 Qe6 28. a3 Rc6 29. Nxd5 Rd6 30. Rd3 Rxg5 31. Qxg5 Rxd5 32. Rxd5 Qxd5 33. Qh6 Kg8 34. Qh2 Qd8 35. Qg1 Qb6 36. Qh2 Kf8 37. Qh8+ Ke7 38. Qxg7 Qg6 39. Qe5+ Qe6 40. Qc7+ Qd7 1/2-1/2

[Event "EYTCC U12 Girls 2019"]
[Site "Pardubice"]
[Date "2019.07.16"]
[Round "6.17"]
[White "Mellor, Jessica"]
[Black "Veverkova, Dorota"]
[Result "1-0"]
[ECO "B18"]
[WhiteElo "1663"]
[BlackElo "1348"]
[Annotator "NA"]
[PlyCount "69"]
[EventDate "2019.07.11"]
[EventType "swiss"]
[EventCountry "CZE"]
[SourceTitle "playchess.com"]
[Source "ChessBase"]
[SourceQuality "1"]
[WhiteTeam "England"]
[BlackTeam "Czech Republic"]
[WhiteTeamCountry "ENG"]
[BlackTeamCountry "CZE"]
[TimeControl "40/5400+30:1800+30"]

1. e4 c6 2. d4 d5 3. Nc3 dxe4 4. Nxe4 Bf5 5. Ng3 Bg6 6. h4 h6 7. Nf3 Nf6 8. h5 Bh7 9. Bd3 Bxd3 10. Qxd3 Nbd7 11. Bf4 e6 12. O-O-O Qb6 13. Ne5 Bd6 14. Kb1 Bxe5 15. dxe5 Nd5 16. Ne4 O-O-O 17. Nd6+ Kb8 18. Nxf7 Nxf4 19. Qd6+ Kc8 20. Nxh8 Nc5 21. Qxd8+ Qxd8 22. Rxd8+ Kxd8 23. g3 Nd5 24. Rd1 Ke7 25. Ng6+ Kf7 26. Nf4 a6 27. Nxd5 exd5 28. f3 g6 29. hxg6+ Kxg6 30. Kc1 Kf5 31. Re1 h5 32. g4+ hxg4 33. fxg4+ Kxg4 34. e6 Nxe6 35. Rxe6 1-0

[Event "EYTCC U12 Girls 2019"]
[Site "Pardubice"]
[Date "2019.07.16"]
[Round "6.18"]
[White "Zadrapova, Amalie"]
[Black "Solovieva, Kristina"]
[Result "1/2-1/2"]
[ECO "B41"]
[WhiteElo "1248"]
[BlackElo "1469"]
[Annotator "NA"]
[PlyCount "74"]
[EventDate "2019.07.11"]
[EventType "swiss"]
[EventCountry "CZE"]
[SourceTitle "playchess.com"]
[Source "ChessBase"]
[SourceQuality "1"]
[WhiteTeam "Czech Republic"]
[BlackTeam "England"]
[WhiteTeamCountry "CZE"]
[BlackTeamCountry "ENG"]
[TimeControl "40/5400+30:1800+30"]

1. e4 c5 2. Nf3 e6 3. d4 cxd4 4. Nxd4 a6 5. c4 Nf6 6. Nc3 Qc7 7. Be3 Nc6 8. Be2 Be7 9. O-O O-O 10. Qd2 Bb4 11. f3 Be7 12. Rfd1 d6 13. a3 Nd7 14. Rab1 Nde5 15. f4 Nxd4 16. Bxd4 Nc6 17. Be3 Rb8 18. b4 Bf6 19. b5 Bxc3 20. Qxc3 Ne7 21. Qd2 axb5 22. cxb5 d5 23. Rbc1 Qd7 24. Bc5 Rd8 25. Bxe7 Qxe7 26. Rc3 h6 27. exd5 Rxd5 28. Qc2 Rxd1+ 29. Qxd1 Qf6 30. Rc4 b6 31. Qd6 Ra8 32. Qxb6 Qa1+ 33. Kf2 Qxa3 34. Qd8+ Qf8 35. Qxf8+ Kxf8 36. Rb4 Rb8 37. Ke3 Bb7 {[%emt 0:00:48] Ke4} 1/2-1/2

[Event "EYTCC U12 Girls 2019"]
[Site "Pardubice"]
[Date "2019.07.16"]
[Round "6.19"]
[White "Pohle, Saskia"]
[Black "Havelkova, Beata"]
[Result "1-0"]
[ECO "B78"]
[WhiteElo "1719"]
[BlackElo "1316"]
[Annotator "NA"]
[PlyCount "77"]
[EventDate "2019.07.11"]
[EventType "swiss"]
[EventCountry "CZE"]
[SourceTitle "playchess.com"]
[Source "ChessBase"]
[SourceQuality "1"]
[WhiteTeam "Germany"]
[BlackTeam "Czech Republic"]
[WhiteTeamCountry "GER"]
[BlackTeamCountry "CZE"]
[TimeControl "40/5400+30:1800+30"]

1. e4 c5 2. Nf3 d6 3. d4 cxd4 4. Nxd4 Nf6 5. Nc3 g6 6. Be3 Bg7 7. f3 Nc6 8. Qd2 O-O 9. Bc4 Bd7 10. O-O-O Rc8 11. Bb3 Qa5 12. Kb1 Rfe8 13. g4 Ne5 14. h4 h5 15. gxh5 Nxh5 16. Rdg1 Nc4 17. Bxc4 Rxc4 18. Nb3 Qa6 19. Nd5 Be6 20. Nf4 Nxf4 21. Bxf4 Rc5 22. h5 Bxb3 23. cxb3 d5 24. hxg6 fxg6 25. Bh6 Qf6 26. Bxg7 Qxg7 27. Rh6 Rc6 28. Qxd5+ e6 29. Qg5 e5 30. Rxg6 Rxg6 31. Qxg6 Qxg6 32. Rxg6+ Kf7 33. Rh6 Kg7 34. Rd6 Re7 35. Kc2 Rf7 36. Re6 Rxf3 37. Rxe5 Kf6 38. Re8 Kf7 39. Rb8 1-0

[Event "EYTCC U12 Girls 2019"]
[Site "Pardubice"]
[Date "2019.07.16"]
[Round "6.20"]
[White "Janouskova, Adela"]
[Black "Braeutigam, Katerina"]
[Result "0-1"]
[ECO "B18"]
[WhiteElo "1200"]
[BlackElo "1837"]
[Annotator "NA"]
[PlyCount "82"]
[EventDate "2019.07.11"]
[EventType "swiss"]
[EventCountry "CZE"]
[SourceTitle "playchess.com"]
[Source "ChessBase"]
[SourceQuality "1"]
[WhiteTeam "Czech Republic"]
[BlackTeam "Germany"]
[WhiteTeamCountry "CZE"]
[BlackTeamCountry "GER"]
[TimeControl "40/5400+30:1800+30"]

1. e4 c6 2. d4 d5 3. Nc3 dxe4 4. Nxe4 Bf5 5. Ng3 Bg6 6. N1e2 e6 7. Nf4 Bd6 8. Bc4 Qc7 9. Nxg6 hxg6 10. Qd3 Nd7 11. Be3 Bxg3 12. fxg3 Rxh2 13. O-O-O Rxh1 14. Rxh1 Qxg3 15. Qe2 O-O-O 16. Rh3 Qd6 17. Rf3 Ngf6 18. Qd3 Nb6 19. Bb3 Nbd5 20. Bg5 Rd7 21. Bxf6 Nxf6 22. c3 Rd8 23. Qe2 Rh8 24. Rh3 Qf4+ 25. Kb1 Rxh3 26. gxh3 Qf5+ 27. Bc2 Qxh3 28. a3 g5 29. Qd3 Qxd3 30. Bxd3 g4 31. Bf1 Nd5 32. Be2 g3 33. Bf3 Ne3 34. Kc1 g2 35. Bxg2 Nxg2 36. Kd2 f5 37. Ke2 g5 38. Kf2 Nh4 39. Kg3 f4+ 40. Kf2 g4 41. Kf1 g3 0-1

[Event "EYTCC U12 Girls 2019"]
[Site "Pardubice"]
[Date "2019.07.16"]
[Round "6.22"]
[White "Alagoz, Zumra Meryem"]
[Black "Karaivanova, Petya"]
[Result "1-0"]
[ECO "C50"]
[WhiteElo "1310"]
[BlackElo "1792"]
[Annotator "NA"]
[PlyCount "201"]
[EventDate "2019.07.11"]
[EventType "swiss"]
[EventCountry "CZE"]
[SourceTitle "playchess.com"]
[Source "ChessBase"]
[SourceQuality "1"]
[WhiteTeam "Turkey"]
[BlackTeam "Bulgaria"]
[WhiteTeamCountry "TUR"]
[BlackTeamCountry "BUL"]
[TimeControl "40/5400+30:1800+30"]

1. e4 e5 2. Nf3 Nc6 3. Bc4 Nf6 4. d3 Bc5 5. O-O d6 6. c3 O-O 7. h3 a6 8. Bb3 Bd7 9. Re1 b5 10. Nbd2 Bb6 11. Nf1 h6 12. Be3 Bxe3 13. fxe3 Na5 14. Bc2 c5 15. Ng3 Re8 16. Rf1 Rc8 17. Nd2 Nh7 18. Nf5 Bxf5 19. Rxf5 Nf8 20. Qf3 Ne6 21. Qf2 Rf8 22. Rf1 Qe7 23. Bd1 Nc6 24. Bb3 a5 25. Bd5 Ncd8 26. Qg3 Nc7 27. Bb3 a4 28. Bd1 Nc6 29. Nf3 Qe6 30. a3 Ne7 31. Rh5 f5 32. Nh4 fxe4 33. dxe4 Rxf1+ 34. Kxf1 Qc4+ 35. Kg1 Qxe4 36. Rxh6 Qb1 37. Rxd6 Ncd5 38. Qg4 Nxe3 39. Qe6+ Kh7 40. Qxe7 Nxd1 41. Kh2 Ne3 42. Qxe5 Qe1 43. Qe4+ Kg8 44. Qe6+ Kh7 45. Qe4+ Kg8 46. Qe6+ Kh7 47. Nf3 Nf1+ 48. Kg1 Qxe6 49. Rxe6 Ng3 50. Ng5+ Kg8 51. Rb6 Ne2+ 52. Kf2 Nc1 53. Rxb5 Nb3 54. Ne4 Rf8+ 55. Ke3 Re8 56. Kf3 Re5 57. Kf4 Rd5 58. Rb8+ Kf7 59. Ra8 Nc1 60. Rxa4 Nd3+ 61. Ke3 Nxb2 62. Ra7+ Kg6 63. a4 Nc4+ 64. Kf3 Rd3+ 65. Kf4 Rd5 66. Ra6+ Kf7 67. Rc6 Nb2 68. a5 Nd3+ 69. Ke3 Ne5 70. Rc7+ Kg6 71. a6 Nc4+ 72. Kf3 Rf5+ 73. Kg3 Ne3 74. Kh2 Nf1+ 75. Kg1 Ne3 76. a7 Rf8 77. Nxc5 Nd5 78. Rc6+ Kh5 79. Nd7 Ra8 80. Ra6 Nc7 81. Ra5+ Kh6 82. Nb6 Rd8 83. a8=Q Nxa8 84. Rxa8 Rd3 85. c4 Rb3 86. c5 Rb5 87. Rc8 Kg6 88. Nc4 Rb1+ 89. Kh2 Rc1 90. Nd6 Kf6 91. Ne8+ Kf7 92. c6 g5 93. c7 Rc6 94. Rd8 Kg6 95. Rd6+ Rxd6 96. Nxd6 Kh5 97. c8=Q Kg6 98. Qf5+ Kh6 99. Qf6+ Kh7 100. Nf5 g4 101. Qg7# 1-0

[Event "EYTCC U12 Girls 2019"]
[Site "Pardubice"]
[Date "2019.07.16"]
[Round "6.23"]
[White "Siekanska, Maria"]
[Black "Mikheeva, Galina"]
[Result "0-1"]
[ECO "D35"]
[WhiteElo "1561"]
[BlackElo "1792"]
[Annotator "NA"]
[PlyCount "80"]
[EventDate "2019.07.11"]
[EventType "swiss"]
[EventCountry "CZE"]
[SourceTitle "playchess.com"]
[Source "ChessBase"]
[SourceQuality "1"]
[WhiteTeam "Poland"]
[BlackTeam "Russia"]
[WhiteTeamCountry "POL"]
[BlackTeamCountry "RUS"]
[TimeControl "40/5400+30:1800+30"]

1. d4 Nf6 2. c4 e6 3. Nc3 d5 4. cxd5 exd5 5. Bg5 Nbd7 6. e3 c6 7. Bd3 Be7 8. Nge2 Nh5 9. Bxe7 Qxe7 10. O-O Ndf6 11. a3 a5 12. Rb1 O-O 13. b4 axb4 14. axb4 g6 15. Na4 Ng7 16. Nb6 Ra3 17. Nxc8 Rxc8 18. Nf4 Nge8 19. Qc1 Rca8 20. Rd1 Nd6 21. b5 cxb5 22. Bxb5 Ra2 23. Rd2 Rxd2 24. Qxd2 Nxb5 25. h4 Nd6 26. Qe2 Nf5 27. Qb5 Rd8 28. g3 Rd7 29. Qd3 Qe4 30. Qb5 Kg7 31. h5 g5 32. Nd3 Rc7 33. Nc5 Qe7 34. Nxb7 Nxg3 35. Nc5 Ngxh5 36. Qe2 Nf4 37. Qf3 Ng6 38. Rb8 Ne4 39. Nd3 Rb7 40. Rxb7 Qxb7 0-1

[Event "EYTCC U12 Girls 2019"]
[Site "Pardubice"]
[Date "2019.07.16"]
[Round "6.24"]
[White "Goriachkina, Oksana"]
[Black "Szopa, Emilia"]
[Result "0-1"]
[ECO "A46"]
[WhiteElo "1417"]
[BlackElo "1415"]
[Annotator "NA"]
[PlyCount "124"]
[EventDate "2019.07.11"]
[EventType "swiss"]
[EventCountry "CZE"]
[SourceTitle "playchess.com"]
[Source "ChessBase"]
[SourceQuality "1"]
[WhiteTeam "Russia"]
[BlackTeam "Poland"]
[WhiteTeamCountry "RUS"]
[BlackTeamCountry "POL"]
[TimeControl "40/5400+30:1800+30"]

1. d4 Nf6 2. Nf3 d5 3. c4 Bf5 4. Nc3 e6 5. Bf4 a6 6. e3 Be7 7. Be2 O-O 8. O-O Nbd7 9. cxd5 Nxd5 10. Nxd5 exd5 11. Rc1 c6 12. Qb3 Qb6 13. Qxb6 Nxb6 14. a3 Na4 15. b4 a5 16. Bd1 axb4 17. axb4 Bd3 18. Re1 Bxb4 19. Bxa4 Rxa4 20. Ra1 Rfa8 21. Rxa4 Rxa4 22. Rc1 Be2 23. Ne5 f6 24. Nd7 Bd2 25. Rb1 Bd3 26. Rd1 Bc2 27. Rf1 b5 28. Nc5 Ra2 29. h3 b4 30. Bg3 Bc3 31. Rc1 Ra1 32. Rxa1 Bxa1 33. Kf1 b3 34. Nxb3 Bxb3 35. Ke2 Bc3 36. Kd3 Bb4 37. Ke2 Kf7 38. Bh2 Ke6 39. f4 Kf5 40. g4+ Ke4 41. f5 Be7 42. Bf4 c5 43. dxc5 Bxc5 44. h4 Bc4+ 45. Kd2 Bb5 46. h5 d4 47. exd4 Bb4+ 48. Kc2 Kxf4 49. Kb3 Bd6 50. Kc2 Kxg4 51. Kd2 Kxh5 52. Ke3 Bc6 53. Kf2 Kg4 54. d5 Bxd5 55. Kf1 Bc5 56. Ke2 h5 57. Kd3 h4 58. Ke2 h3 59. Kf1 Bf3 60. Ke1 Be3 61. Kf1 h2 62. Ke1 h1=R# 0-1

[Event "EYTCC U12 Girls 2019"]
[Site "Pardubice"]
[Date "2019.07.17"]
[Round "7.17"]
[White "Mikheeva, Galina"]
[Black "Mellor, Jessica"]
[Result "1-0"]
[ECO "C56"]
[WhiteElo "1792"]
[BlackElo "1663"]
[Annotator "NA"]
[PlyCount "69"]
[EventDate "2019.07.11"]
[EventType "swiss"]
[EventCountry "CZE"]
[SourceTitle "playchess.com"]
[Source "ChessBase"]
[SourceQuality "1"]
[WhiteTeam "Russia"]
[BlackTeam "England"]
[WhiteTeamCountry "RUS"]
[BlackTeamCountry "ENG"]
[TimeControl "40/5400+30:1800+30"]

1. e4 e5 2. Nf3 Nc6 3. d4 exd4 4. Bc4 Nf6 5. O-O Nxe4 6. Re1 d5 7. Bxd5 Qxd5 8. Nc3 Qd8 9. Rxe4+ Be7 10. Nb5 a6 11. Nbxd4 O-O 12. Bf4 Bd6 13. Nxc6 bxc6 14. b3 Bxf4 15. Rxf4 Be6 16. Qxd8 Raxd8 17. Ra4 Bc8 18. Re1 f6 19. h3 Kf7 20. Nd4 Rd6 21. Rc4 Bd7 22. c3 Re8 23. Rb1 Rb8 24. b4 g6 25. a4 Rb7 26. Rc5 Rd5 27. Nb3 Rb8 28. Rxd5 cxd5 29. Nc5 Bf5 30. Rd1 a5 31. g4 Be6 32. bxa5 Ra8 33. a6 c6 34. Rb1 Ke8 35. Nxe6 1-0

[Event "EYTCC U12 Girls 2019"]
[Site "Pardubice"]
[Date "2019.07.17"]
[Round "7.18"]
[White "Pert, Nina"]
[Black "Goriachkina, Oksana"]
[Result "1/2-1/2"]
[ECO "B15"]
[WhiteElo "1452"]
[BlackElo "1417"]
[Annotator "NA"]
[PlyCount "85"]
[EventDate "2019.07.11"]
[EventType "swiss"]
[EventCountry "CZE"]
[SourceTitle "playchess.com"]
[Source "ChessBase"]
[SourceQuality "1"]
[WhiteTeam "England"]
[BlackTeam "Russia"]
[WhiteTeamCountry "ENG"]
[BlackTeamCountry "RUS"]
[TimeControl "40/5400+30:1800+30"]

1. e4 c6 2. d4 d5 3. Nc3 dxe4 4. Nxe4 Nf6 5. Nxf6+ exf6 6. c3 Bd6 7. Bd3 O-O 8. Ne2 Be6 9. Qc2 h6 10. O-O Nd7 11. Ng3 Qc7 12. Bd2 Rfe8 13. Qc1 Nf8 14. Bxh6 gxh6 15. Nh5 Bxh2+ 16. Kh1 Bf4 17. Nxf4 Qa5 18. d5 Bxd5 19. b4 Qd8 20. Rd1 Qc8 21. f3 Re5 22. c4 Be6 23. Re1 Rg5 24. Kg1 a5 25. Kf2 Bf5 26. Bxf5 Qxf5 27. g4 Qd7 28. Qc3 Qd6 29. Nh5 Nh7 30. Kg2 axb4 31. Qb2 Rd8 32. Rad1 Qc7 33. Nxf6+ Nxf6 34. Qxf6 Rf8 35. Re7 Qa5 36. Rxf7 Rxf7 37. Rd8+ Qxd8 38. Qxd8+ Kg7 39. Qd4+ Kg8 40. c5 Rfg7 41. Qxb4 h5 42. Kg3 hxg4 43. fxg4 1/2-1/2

[Event "EYTCC U12 Girls 2019"]
[Site "Pardubice"]
[Date "2019.07.17"]
[Round "7.19"]
[White "Buyuk, Ecrin Efsa"]
[Black "Siekanska, Maria"]
[Result "0-1"]
[ECO "B40"]
[WhiteElo "1592"]
[BlackElo "1561"]
[Annotator "NA"]
[PlyCount "68"]
[EventDate "2019.07.11"]
[EventType "swiss"]
[EventCountry "CZE"]
[SourceTitle "playchess.com"]
[Source "ChessBase"]
[SourceQuality "1"]
[WhiteTeam "Turkey"]
[BlackTeam "Poland"]
[WhiteTeamCountry "TUR"]
[BlackTeamCountry "POL"]
[TimeControl "40/5400+30:1800+30"]

1. e4 c5 2. Nf3 e6 3. g3 d5 4. exd5 exd5 5. Bg2 Nf6 6. O-O Be7 7. d4 O-O 8. Nc3 Nc6 9. h3 h6 10. Be3 c4 11. Ne5 Bb4 12. Ne2 Re8 13. Nf4 Bf5 14. Nh5 Nxe5 15. dxe5 Nxh5 16. Qxh5 Bxc2 17. Qg4 Kh8 18. Qd4 Rc8 19. Qxd5 Qxd5 20. Bxd5 Rxe5 21. Bxb7 Rce8 22. Rfc1 Bd3 23. Ba6 Rxe3 24. fxe3 Rxe3 25. Bxc4 Be4 26. Kf2 Bc5 27. Kf1 Rxg3 28. Bxf7 Bd3+ 29. Ke1 Be3 30. Rc8+ Kh7 31. Bg8+ Kg6 32. Rc6+ Kg5 33. Rc5+ Bxc5 34. Kd2 Bb4+ 0-1

[Event "EYTCC U12 Girls 2019"]
[Site "Pardubice"]
[Date "2019.07.17"]
[Round "7.20"]
[White "Szopa, Emilia"]
[Black "Alagoz, Zumra Meryem"]
[Result "0-1"]
[ECO "B20"]
[WhiteElo "1415"]
[BlackElo "1310"]
[Annotator "NA"]
[PlyCount "80"]
[EventDate "2019.07.11"]
[EventType "swiss"]
[EventCountry "CZE"]
[SourceTitle "playchess.com"]
[Source "ChessBase"]
[SourceQuality "1"]
[WhiteTeam "Poland"]
[BlackTeam "Turkey"]
[WhiteTeamCountry "POL"]
[BlackTeamCountry "TUR"]
[TimeControl "40/5400+30:1800+30"]

1. e4 c5 2. g3 d6 3. Bg2 Nf6 4. Ne2 Nc6 5. O-O g6 6. c3 Bg7 7. d4 O-O 8. Nd2 cxd4 9. cxd4 Qd7 10. f4 Rb8 11. d5 Nb4 12. Qb3 Na6 13. e5 Ne8 14. e6 fxe6 15. dxe6 Qd8 16. Bh3 Nc5 17. Qe3 Qb6 18. Kh1 Na4 19. Qxb6 Nxb6 20. f5 gxf5 21. Rxf5 Rxf5 22. Bxf5 Nd5 23. Nf3 Nec7 24. Ned4 b5 25. Bd2 Bb7 26. Kg1 Rf8 27. Be4 Ba8 28. Rc1 b4 29. b3 a5 30. Nc6 Bxc6 31. Rxc6 Bc3 32. Bc1 Rf6 33. Ng5 h6 34. Bxd5 Nxd5 35. Nf7 Bd4+ 36. Kg2 Rxe6 37. Nxh6+ Kh7 38. Nf5 Bc5 39. Ra6 Re2+ 40. Kh3 Rxa2 0-1